 Dungeon Crawl Stone Soup version 0.24.0-123-gd5b16e6ec5 (webtiles) character file.

Game seed: 4795143322322867112, levelgen mode: deterministic

109 Legadrian the Magician (level 5, 0/37 HPs)
             Began as a Human Transmuter on Feb 11, 2020.
             Slain by Grinder (5 damage)
             ... on level 3 of the Dungeon.
             The game lasted 00:14:43 (2697 turns).

Legadrian the Magician (Human Transmuter)           Turns: 2697, Time: 00:14:43

Health: 0/37       AC: 12    Str: 11    XL:     5   Next: 13%
Magic:  11/11      EV:  5    Int: 14    God:
Gold:   128        SH:  0    Dex: 13    Spells: 8/12 levels left

rFire    . . .     SeeInvis .   c - +1 dagger (venom)
rCold    . . .     Gourm    .   (no shield)
rNeg     . . .     Faith    .   o - +4 chain mail
rPois    .         Spirit   .   (no helmet)
rElec    .         Reflect  .   (no cloak)
rCorr    .         Harm     .   (no gloves)
MR       .....                  (no boots)
Stlth    ..........             (no amulet)
HPRegen  0.12/turn              (no ring)
MPRegen  0.12/turn              (no ring)

@: no status effects
A: no striking features
a: no special abilities


You were on level 3 of the Dungeon.
You were hungry.

You visited 1 branch of the dungeon, and saw 3 of its levels.

You collected 128 gold pieces.

Inventory:

Hand Weapons
 c - a +1 dagger of venom (weapon)
 i - a +0 hunting sling
Missiles
 a - 27 arrows
 g - 20 poisoned darts (quivered)
 m - 14 stones
 q - 12 bolts
 u - 28 sling bullets
Armour
 b - a +0 robe
 o - a +4 chain mail (worn)
Scrolls
 e - 3 scrolls of teleportation
 j - a scroll of immolation
 l - a scroll of identify
Potions
 f - 2 potions of brilliance {unknown}
 h - a potion of berserk rage {unknown}
 n - 2 potions of haste {unknown}
 p - a potion of heal wounds {unknown}
 r - 2 potions of curing {unknown}
 v - a potion of mutation {unknown}
Comestibles
 d - 4 rations


   Skills:
 - Level 1.0 Fighting
 * Level 1.9 Armour
 - Level 2.0 Dodging
 - Level 3.0 Unarmed Combat
 * Level 4.0 Spellcasting
 - Level 2.1 Transmutations


You had 8 spell levels left.
You knew the following spells:

 Your Spells              Type           Power        Failure   Level  Hunger
a - Beastly Appendage     Tmut           #.....       99%         1    None
b - Spider Form           Tmut/Pois      #.........   100%        3    ###....

Your spell library contained the following spells:

 Spells                   Type           Power        Failure   Level  Hunger
 Sticks to Snakes         Tmut           #.......     100%        2    ##.....
 Ice Form                 Ice/Tmut       #.......     100%        4    ####...
 Blade Hands              Tmut           #.........   100%        5    ######.


Dungeon Overview and Level Annotations

Branches:
Dungeon (3/15)

Altars:
Beogh

Annotations:
D:3 Grinder


Message History

Grinder hits you.
You writhe in agony.
The giant cockroach bites you. Grinder hits you.
* * * LOW HITPOINT WARNING * * *
You writhe in agony.
* * * LOW HITPOINT WARNING * * *
The giant cockroach bites you but does no damage.
Grinder hits you but does no damage.
The giant cockroach bites you but does no damage.
All of the chunks of flesh in your inventory have rotted away.
You can move again.
You closely miss Grinder.
Grinder is lightly wounded.
The giant cockroach bites you but does no damage.
Grinder barely misses you.
You hit Grinder.
Grinder is lightly wounded.
You feel sick.
You are no longer poisoned.
The giant cockroach barely misses you. Grinder hits you.
You die...

#### #..
#.#####
#######..)<.#
#.....s...###
#..(.5@.....#
#...$.....#.#
#.........#.#
#.........# #
#.........#
#.......$.#
###.#######
#.


You could see Grinder and a giant cockroach.

Vanquished Creatures
  5 adders
  2 worms (D:2)
  3 dart slugs
  A leopard gecko (D:2)
  4 giant cockroaches
  7 goblins
  7 hobgoblins
  6 jackals
  A quokka (D:2)
  4 bats (D:2)
  A frilled lizard (D:2)
  5 kobolds
  3 rats
49 creatures vanquished.

Notes
Turn   | Place    | Note
-------+----------+-------------------------------------------
     0 | D:1      | Legadrian the Human Transmuter began the quest for the Orb.
     0 | D:1      | Reached XP level 1. HP: 15/15 MP: 3/3
   186 | D:1      | Reached XP level 2. HP: 14/21 MP: 1/5
   918 | D:1      | Reached skill level 3 in Spellcasting
  1159 | D:1      | Found a roughly hewn altar of Beogh.
  1189 | D:1      | Reached XP level 3. HP: 19/26 MP: 7/7
  1356 | D:1      | Noticed an orc warrior
  1471 | D:2      | Learned a level 3 spell: Spider Form
  1779 | D:2      | Reached XP level 4. HP: 26/32 MP: 9/9
  1851 | D:2      | Reached skill level 1 in Armour
  2292 | D:2      | Reached XP level 5. HP: 24/37 MP: 10/10
  2673 | D:3      | Noticed Grinder
  2683 | D:3      | Reached skill level 4 in Spellcasting
  2683 | D:3      | Paralysed by Grinder for 2 turns
  2689 | D:3      | Paralysed by Grinder for 7 turns
  2697 | D:3      | Slain by Grinder

Levels and vault maps discovered:
D:1:      erik_arrival_cave_to_civilisation [erik_arrival_cave_to_temple],
          layout_loops_ring
D:2:      layout_basic
D:3:      layout_basic, bloody_trog, uniq_grinder, uniq_terence

Skill      XL: |  1  2  3  4  5 |
---------------+----------------+-----
Spellcasting   | 3 4 |  4.0
Armour         | 1 |  1.9
Fighting       | |  1.0
Dodging        | |  2.0
Unarmed Combat | |  3.0
Transmutations | |  2.1

Action                   |  1- 3 |  4- 6 || total
-------------------------+-------+-------++-------
Melee: Unarmed           |    40 |       ||    40
       Kick              |     3 |       ||     3
       Punch             |     3 |       ||     3
       Dagger            |    26 |    74 ||   100
Throw: Dart              |    31 |    12 ||    43
 Cast: Beastly Appendage |     6 |       ||     6
  Use: Scroll            |     4 |     3 ||     7
  Eat: Chunk             |     3 |     2 ||     5
Armor: Robe              |     6 |       ||     6
       Chain mail        |    12 |    86 ||    98
Dodge: Dodged            |    30 |    29 ||    59
